 Dungeon Crawl Stone Soup version 0.17.2-1-ge4368a0 (webtiles) character file.

81 Goblin1989 the Digger (level 4, 0/26 HPs)
             Began as a Kobold Earth Elementalist on Oct 17, 2016.
             Was a Follower of Nemelex Xobeh.
             Succumbed to poison (a potion of poison)
             ... on level 4 of the Dungeon.
             The game lasted 00:16:06 (1076 turns).

Goblin1989 the Digger (Kobold Earth Elementalist)   Turns: 1076, Time: 00:16:07

Health: 0/26       AC:  3    Str: 17    XL:     4   Next: 67%
Magic:  7/7        EV: 21    Int: 13    God:    Nemelex Xobeh [*.....]
Gold:   59         SH:  0    Dex: 21    Spells: 3 memorised, 1 level left

rFire  + . .     SeeInvis .     a - +0 short sword
rCold  . . .     Clarity  .     g - +0 robe
rNeg   . . .     SustAt   .     (shield restricted)
rPois  .         Gourm    .     (no helmet)
rElec  .         Spirit   .     (no cloak)
rCorr  .         Warding  .     x - +0 pair of gloves
rMut   .         Stasis   .     (no boots)
MR     .....                    (no amulet)
Stlth  ++++......               o - +5 ring of strength
                                f - ring of protection from fire

@: mighty, agile, lethally poisoned (0 -> -19), cleaving, not resistant to
hostile enchantments, stealthy
A: carnivore 3
a: Renounce Religion


You were on level 4 of the Dungeon.
You worshipped Nemelex Xobeh.
Nemelex Xobeh was aware of your devotion.
You were very full.

You visited 1 branch of the dungeon, and saw 5 of its levels.

You collected 59 gold pieces.

Inventory:

Hand Weapons
 a - a +0 short sword (weapon)
 w - a +0 blowgun {@w1}
Missiles
 b - 49 stones (quivered)
Armour
 g - a +0 robe (worn)
 x - a +0 pair of gloves (worn)
Jewellery
 f - a ring of protection from fire (left hand)
 o - a +5 ring of strength (right hand)
 q - an uncursed ring of positive energy
Scrolls
 e - 3 scrolls of remove curse {unknown}
 h - a scroll of magic mapping {unknown}
 i - a scroll of random uselessness {unknown}
 k - a scroll of amnesia {unknown}
 p - a scroll of enchant weapon {unknown}
 t - a scroll of immolation {unknown}
 u - a scroll of recharging {unknown}
Books
 c - a book of Geomancy

   Spells                             Type                      Level
   a - Sandblast                      Earth                        1
   b - Stoneskin                      Transmutation/Earth          2
   c - Passwall                       Transmutation/Earth          3
   d - Stone Arrow                    Conjuration/Earth            3
   e - Petrify                        Transmutation/Earth          4
   f - Lee's Rapid Deconstruction     Earth                        5
 r - a book of Callings

   Spells                             Type                      Level
   a - Summon Small Mammal            Summoning                    1
   b - Call Imp                       Summoning                    2
   c - Call Canine Familiar           Summoning                    3
   d - Summon Guardian Golem          Hexes/Summoning              3
   e - Summon Lightning Spire         Summoning/Air                4
   f - Summon Ice Beast               Ice/Summoning                4
Miscellaneous
 l - a plain deck of defence {drawn: 2}
 n - a plain deck of destruction
 v - a plain deck of war
Comestibles
 d - a meat ration {@e2}
 m - a beef jerky


   Skills:
 + Level 1.8 Fighting
 * Level 1.8 Short Blades
 + Level 2.7 Dodging
 + Level 3.5 Stealth
 - Level 2.2 Spellcasting
 - Level 1.0 Transmutations
 - Level 3.6 Earth Magic


You had one spell level left.
You knew the following spells:

 Your Spells              Type           Power        Failure   Level  Hunger
a - Sandblast             Erth           ##....       8%          1    ##.....
b - Stoneskin             Trmt/Erth      #.......     17%         2    ###....
c - Passwall              Trmt/Erth      #.........   34%         3    ####...


Dungeon Overview and Level Annotations

Branches:
Dungeon (5/15)
 Temple: D:4-7

Altars:
Nemelex Xobeh

Shops:
D:4 *

Annotations:
D:2 exclusion: downstairs
D:3 Goblin1989's ghost, amateur DsFi


Innate Abilities, Weirdness & Mutations

You are small and have problems with some larger weapons.
You are carnivorous and can eat meat at any time.


Message History

It was a potion of agility.
You feel agile all of a sudden.
Drink which item? (? for menu, Esc to quit)
It was a potion of poison.
That liquid tasted very nasty...
You are more poisoned.
* * * LOW HITPOINT WARNING * * *
You feel sick.
You take 2 damage, and have 3/26 hp.
Evoke which item? (* to show all) (? for menu, Esc to quit)
You draw a card...
It is the Potion.
You feel mightier all of a sudden.
* * * LOW HITPOINT WARNING * * *
You feel sick.
You take 1 damage, and have 2/26 hp.
Evoke which item? (* to show all) (? for menu, Esc to quit)
You draw a card...
It is the Blade.
This is a plain deck of defence {drawn: 2}.
Your +0 short sword looks oddly sharp.
You die...
Your body disappears without a glow. ██████████

█████.....█
█.....█ █.....█
█.....█
███████████.....█
█...............█
█...............█
█...............█
█...@...........█
█...............█


█████████████████ There were no monsters in sight!

Vanquished Creatures
  A worker ant (D:4)
  An adder (D:2)
  2 giant geckos
  5 bats
  3 giant cockroaches
  3 goblins
  7 hobgoblins
  5 kobolds
  A ball python (D:3)
  A giant newt (D:3)
  7 jackals (D:3)
  A quokka skeleton (D:4)
37 creatures vanquished.

Notes
Turn   | Place    | Note
--------------------------------------------------------------
     0 | D:1      | Goblin1989 the Kobold Earth Elementalist began the quest for the Orb.
     0 | D:1      | Reached XP level 1. HP: 10/10 MP: 3/3
    93 | D:1      | Reached XP level 2. HP: 13/15 MP: 5/5
   205 | D:2      | Found a sparkling altar of Nemelex Xobeh.
   236 | D:2      | Became a worshipper of Nemelex Xobeh the Trickster
   330 | D:2      | Reached XP level 3. HP: 15/19 MP: 6/6
   349 | D:2      | Learned a level 2 spell: Stoneskin
   409 | D:3      | Received a gift from Nemelex Xobeh
   447 | D:3      | Noticed Goblin1989's ghost (amateur DsFi)
   573 | D:3      | Reached skill level 1 in Fighting
   578 | D:4      | Found Useewk's Assorted Antiques.
   662 | D:3      | Reached skill level 1 in Transmutations
   680 | D:3      | Learned a level 3 spell: Passwall
   722 | D:3      | Reached skill level 1 in Short Blades
   784 | D:3      | Reached XP level 4. HP: 5/25 MP: 7/7
   806 | D:3      | Reached * piety under Nemelex Xobeh
   957 | D:5      | Entered Level 5 of the Dungeon
   959 | D:5      | Received a gift from Nemelex Xobeh
  1076 | D:4      | Succumbed to poison (a potion of poison)

Action                   |  1- 3 |  4- 6 || total
-------------------------+-------+-------++-------
Melee: Short sword       |   115 |    32 ||   147
 Cast: Sandblast         |     3 |       ||     3
       Stoneskin         |     1 |       ||     1
Evoke: Deck              |       |     2 ||     2
  Use: Potion            |     1 |     4 ||     5
 Stab: Sleeping          |     3 |     2 ||     5
  Eat: Chunk             |     8 |       ||     8

Vault maps used:
D:1:      minmay_arrival_solitary_statue, serial_forest,
          infiniplex_forest_clump_double, infiniplex_forest_end_2,
          infiniplex_forest_lined_corner, infiniplex_forest_lined_3_way,
          infiniplex_forest_lined_room_3, infiniplex_forest_end_2,
          infiniplex_forest_end_2, infiniplex_forest_straight_3
D:2:      nemelex_deck, grunt_temple_overflow_cloverleaf
D:4:      serial_shops, nicolae_shop_overgrown_old_shop, first_bread
D:5:      serial_shops, shop, led_xom_imps, uniq_eustachio
